 Dungeon Crawl Stone Soup version 0.24.1 (webtiles) character file.

Game seed: 3627462477388062682, levelgen mode: deterministic

1158 Descartes the Magician (level 8, -2/41 HPs)
             Began as a Deep Elf Air Elementalist on Mar 28, 2020.
             Hit by a boomerang thrown by an orc warrior (14 damage)
             ... on level 5 of the Dungeon.
             The game lasted 00:33:41 (8913 turns).

Descartes the Magician (Deep Elf Air Elementalist)  Turns: 8913, Time: 00:33:42

Health: -2/41      AC:  3    Str:  5    XL:     8   Next: 16%
Magic:  18/18      EV: 14    Int: 26    God:
Gold:   9          SH:  4    Dex: 15    Spells: 9/18 levels left

rFire    . . .     SeeInvis .   k - +0 dagger
rCold    . . .     Gourm    .   (no shield)
rNeg     . . .     Faith    .   a - +0 robe
rPois    +         Spirit   .   H - +0 helmet {Int+3}
rElec    .         Reflect  +   (no cloak)
rCorr    +         Harm     .   (no gloves)
MR       .....                  (no boots)
Stlth    +++.......             f - +4 amulet of reflection
HPRegen  0.13/turn              s - ring of resist corrosion
MPRegen  0.16/turn              y - ring of poison resistance

@: no status effects
A: no striking features
a: no special abilities


You were on level 5 of the Dungeon.
You were not hungry.

You visited 1 branch of the dungeon, and saw 6 of its levels.
You also visited: Ossuary.

You collected 266 gold pieces.
You spent 257 gold pieces at shops.

Inventory:

Hand Weapons
 k - a +0 dagger (weapon)
Missiles
 d - 181 stones (quivered)
 n - 48 arrows
 u - 28 poisoned darts
Armour
 a - a +0 robe (worn)
 m - a +0 shield
 v - a +0 hat
 H - a +0 helmet of intelligence (worn)
Jewellery
 f - a +4 amulet of reflection (around neck)
 s - a ring of resist corrosion (left hand)
 y - a ring of poison resistance (right hand)
 B - an uncursed ring of flight
Wands
 C - a wand of flame (10)
 I - a wand of acid (7)
 K - a wand of paralysis (11)
Scrolls
 h - a scroll of fear {unknown}
 i - 3 scrolls of amnesia
 q - a scroll of enchant armour {unknown}
 t - 8 scrolls of remove curse {unknown}
 w - a scroll of enchant weapon {unknown}
 x - 2 scrolls of teleportation {unknown}
 D - 2 scrolls of blinking {unknown}
 F - a scroll of immolation {unknown}
 J - a scroll of torment {unknown}
Potions
 b - 3 potions of lignification {unknown}
 e - a potion of ambrosia {unknown}
 g - a potion of might {unknown}
 j - 8 potions of curing
 l - 3 potions of heal wounds
 o - a potion of experience {unknown}
 p - a potion of agility {unknown}
 r - 2 potions of degeneration
 z - a potion of invisibility {unknown}
 A - a potion of brilliance {unknown}
 E - a potion of haste {unknown}
 G - a potion of resistance
Comestibles
 c - 10 rations


   Skills:
 - Level 3.5 Dodging
 + Level 5.5 Stealth
 * Level 3.7 Shields
 + Level 5.9 Spellcasting
 + Level 4.2 Conjurations
 + Level 2.4 Translocations
 + Level 4.7 Air Magic


You had 9 spell levels left.
You knew the following spells:

 Your Spells              Type           Power        Failure   Level  Hunger
a - Shock                 Conj/Air       ####         1%          1    None
b - Airstrike             Air            ####......   10%         4    ###....
c - Static Discharge      Conj/Air       ####....     3%          3    None
d - Apportation           Tloc           ###...       2%          1    None

Your spell library contained the following spells:

 Spells                   Type           Power        Failure   Level  Hunger
 Swiftness                Chrm/Air       ###.....     4%          2    None
 Animate Skeleton         Necr           N/A          7%          1    None
 Confusing Touch          Hex            #.....       7%          1    None
 Summon Small Mammal      Summ           #...         7%          1    None
 Lightning Bolt           Conj/Air       ####......   30%         5    #####..


Dungeon Overview and Level Annotations

Branches:
Dungeon (6/15)             Temple (0/1) D:4         Ossuary (visited)

Altars:
Cheibriados
Qazlal

Shops:
D:6 [*

Annotations:
D:4 Sigmund


Message History

Done exploring.
Okay, then.
You start resting.
HP restored.
Unknown command.
Done exploring.
You climb downwards.
There is a stone staircase leading up here.
The orc warrior misses you. The orc priest hits you with a +0 club.
You climb upwards.
There is a stone staircase leading down here.
The orc warrior barely misses you. The orc priest closely misses you.
The orc warrior hits you with a +0 battleaxe!
The orc priest mumbles some strange prayers to Beogh against you.
Beogh smites you!
* * * LOW HITPOINT WARNING * * *
The orc warrior throws a boomerang.
The boomerang completely misses you.
The weapon returns to the orc warrior!
The orc warrior throws a boomerang.
The boomerang hits you!
You die...

#........##.##.#
#.#####.###..#.# #.#
#.# ##.#.# #.# #.#
#.#.############ #.#
#.####.#.>........).#
#.#
#......#.##########.#
#.##########.#.#
#######.#
###.#..........#.#
#.......#
........####...#@#
#.####### ........#
#...#.# #.# ........#
#....o# #.# ........#
#...o.# #.# ........#
#.....# #.# ###.#.###
#.....####.# #.#.#
#.....#....# #.#.#
#.[..>#.#### #.#.#
#...###.#


You could see an orc warrior and an orc priest.

Vanquished Creatures
  2 ogres (D:5)
  A centaur (D:6)
  A scorpion (D:5)
  2 crimson imps
  A hound (D:6)
  An orc priest (D:6)
  2 orc wizards (D:5)
  A bullfrog skeleton (D:5)
  Jessica (D:3)
  An iguana (D:5)
  4 worker ants
  7 big kobold zombies (Ossuary)
  A hound skeleton (D:5)
  A mummy (Ossuary)
  Robin (D:4)
  3 gnolls (D:3)
  12 adders
  An ooze (D:2)
  3 worms
  A dart slug (D:2)
  5 leopard geckos
  12 orcs
  3 spectral bats (Ossuary)
  2 ball pythons
  5 giant cockroaches
  15 goblins
  9 hobgoblins
  13 jackals
  10 kobolds
  3 quokkas
  6 bats
  7 bat simulacra (Ossuary)
  4 frilled lizards
  5 gnoll zombies (Ossuary)
  2 goblin simulacra (Ossuary)
  2 goblin zombies (Ossuary)
  6 hobgoblin zombies (Ossuary)
  A kobold simulacrum (Ossuary)
  6 kobold zombies (Ossuary)
  A leopard gecko skeleton (D:6)
  4 orc zombies (Ossuary)
  A quokka skeleton (D:6)
  A quokka zombie (D:5)
  14 rats
  4 rat simulacra (Ossuary)
  A spectral goblin (Ossuary)
  7 spectral kobolds (Ossuary)
  2 spectral rats (Ossuary)
198 creatures vanquished.

Vanquished Creatures (others)
  An orc (D:6)
  A goblin (D:3)
2 creatures vanquished.

Grand Total: 200 creatures vanquished

Notes
Turn   | Place    | Note
-------+----------+-------------------------------------------
     0 | D:1      | Descartes the Deep Elf Air Elementalist began the quest for
                  | the Orb.
     0 | D:1      | Reached XP level 1. HP: 10/10 MP: 6/6
   334 | D:1      | Reached XP level 2. HP: 15/15 MP: 2/8
  1103 | D:1      | Reached XP level 3. HP: 19/19 MP: 2/9
  1878 | D:2      | Found a stormy altar of Qazlal.
  1881 | D:2      | Noticed an earth elemental
  2106 | D:2      | Reached XP level 4. HP: 24/24 MP: 5/11
  2557 | D:2      | Noticed an air elemental
  2557 | D:2      | Noticed a fire elemental
  2557 | D:2      | Noticed a water elemental
  2688 | D:3      | Found a snail-covered altar of Cheibriados.
  2930 | D:3      | Reached XP level 5. HP: 27/28 MP: 6/13
  3316 | D:3      | Learned a level 4 spell: Airstrike
  3320 | D:3      | Learned a level 3 spell: Static Discharge
  3577 | D:3      | Noticed Jessica
  3581 | D:3      | Killed Jessica
  3581 | D:3      | Reached skill level 1 in Shields
  3926 | D:4      | Found a sand-covered staircase.
  3939 | Ossuary  | Entered an ossuary
  4585 | Ossuary  | Reached XP level 6. HP: 28/32 MP: 5/14
  5476 | D:4      | Noticed Robin
  5493 | D:4      | Killed Robin
  5737 | D:4      | Found a staircase to the Ecumenical Temple.
  6011 | D:4      | Learned a level 1 spell: Apportation
  6030 | D:4      | Noticed Sigmund
  6692 | D:5      | Entered Level 5 of the Dungeon
  6695 | D:5      | Reached skill level 5 in Spellcasting
  6695 | D:5      | Reached XP level 7. HP: 36/36 MP: 10/16
  6962 | D:5      | Reached skill level 1 in Translocations
  7243 | D:5      | Reached skill level 5 in Stealth
  8006 | D:6      | Found Usiczih's Antique Armour Shoppe.
  8015 | D:6      | Bought a runed helmet for 217 gold pieces
  8062 | D:6      | Reached XP level 8. HP: 19/41 MP: 8/18
  8282 | D:6      | Found Icehesuq's Assorted Antiques.
  8289 | D:6      | Bought a scroll labeled OSED FOASCHO for 20 gold pieces
  8289 | D:6      | Bought a scroll labeled DIUMOQE NOOWN for 20 gold pieces
  8913 | D:5      | Hit by a boomerang thrown by an orc warrior

Levels and vault maps discovered:
D:1:      minmay_arrival_hallway, layout_basic
D:2:      layout_rooms, nicolae_qazlal_style_of_elements
D:3:      layout_basic, cheibriados_altar_1, first_ration,
          minmay_stone_trees_medium, uniq_jessica
D:4:      layout_basic, minmay_temple_entry_tees, enter_ossuary_1, uniq_robin,
          uniq_sigmund
D:5:      layout_basic
D:6:      layout_basic, serial_shops, shop, kennysheep_mini

Skill      XL: |  1  2  3  4  5  6  7 |
---------------+----------------------+-----
Stealth        | 3 4 5 |  5.5
Dodging        | 3 |  3.5
Conjurations   | 2 3 4 |  4.2
Spellcasting   | 4 5 |  5.9
Shields        | 1 2 3 |  3.7
Air Magic      | 4 |  4.7
Translocations | 2 |  2.4

Action                   |  1- 3 |  4- 6 |  7- 9 || total
-------------------------+-------+-------+-------++-------
Melee: Dagger            |       |     7 |     9 ||    16
 Cast: Shock             |    98 |   277 |   116 ||   491
       Airstrike         |       |       |     2 ||     2
  Use: Scroll            |       |       |     5 ||     5
  Eat: Chunk             |     3 |     7 |     5 ||    15
       Ration            |       |     2 |     1 ||     3
Armor: Robe              |     5 |    13 |     4 ||    22
Dodge: Dodged            |    45 |    59 |    28 ||   132
Block: Other             |       |    14 |     7 ||    21
       Reflection        |       |     1 |     1 ||     2
